 Dungeon Crawl Stone Soup version 0.29.0-11-gd7f09526c8 (webtiles) character file.

Game seed: 2231099225607426900

86 xian the Covert (level 4, -1/23 HPs)
             Began as a Spriggan Delver on Sept 5, 2022.
             Slain by an orc
             ... wielding a +0 short sword
              (2 damage)
             ... on level 2 of the Dungeon.
             The game lasted 00:10:33 (2699 turns).

xian the Covert (Spriggan Delver)                   Turns: 2699, Time: 00:10:33

Health: -1/23      AC:  2    Str: 10    XL:     4   Next: 27%
Magic:  5/5        EV: 18    Int: 11    God:
Gold:   189        SH:  0    Dex: 16    Spells: 3/3 levels left

rFire   . . .      SeeInvis +   e - +2 dagger (vamp)
rCold   . . .      Faith    .   (no shield)
rNeg    . . .      Spirit   .   b - +0 robe
rPois   .          Reflect  .   (helmet restricted)
rElec   .          Harm     .   (no cloak)
rCorr   .          Rampage  .   (gloves unavailable)
Will    .....                   (boots unavailable)
Stlth   ++++......              q - amulet of regeneration
HPRegen 0.87/turn               (no ring)
MPRegen 0.09/turn               (no ring)

@: very quick
A: very small, no large weapons, unfitting armour, see invisible, speed 3
a: no special abilities


You were on level 2 of the Dungeon.
You visited 1 branch of the dungeon, and saw 5 of its levels.

You collected 189 gold pieces.

Inventory:

Hand Weapons
 e - a +2 vampiric dagger (weapon)
Missiles
 n - 19 stones (quivered)
Armour
 b - a +0 robe (worn)
Jewellery
 q - an amulet of regeneration (around neck)
Wands
 g - a wand of digging (3)
Scrolls
 a - a scroll of vulnerability {unknown}
 c - 2 scrolls of fog
 d - a scroll of magic mapping
 h - 2 scrolls of teleportation {unknown}
 i - 5 scrolls of identify {unknown}
 l - a scroll of enchant weapon
 p - a scroll of noise {unknown}
 r - a scroll of torment {unknown}
Potions
 f - a potion of haste
 j - 2 potions of lignification {unknown}
 k - 2 potions of curing {unknown}
 m - a potion of ambrosia {unknown}
 o - a potion of cancellation {unknown}


   Skills:
 + Level 2.9 Fighting
 + Level 3.1 Short Blades
 + Level 3.2 Dodging
 + Level 8.4 Stealth


You had 3 spell levels left.
You didn't know any spells.
Your spell library contained the following spells:

 Spells                   Type           Power      Damage    Failure   Level
 Confusing Touch          Hex            0%         N/A       71%         3
 Yara's Violent Unravell  Hex/Tmut       0%         3d3       100%        5
 Enfeeble                 Hex            0%         N/A       100%        7


Dungeon Overview and Level Annotations

Branches:
Dungeon (5/15)
 Temple: D:4-7

Altars:
Hepliaklqana


Innate Abilities, Weirdness & Mutations

You are very small and have problems with some larger weapons.
You are too small for most types of armour.
You have supernaturally acute eyesight. (SInv)
You cover ground extremely quickly. (Speed+++)


Message History

You hit the worm.
You feel better.
The worm is almost dead.
The worm bites you!
You hit the worm.
You feel better.
The worm is almost dead.
You hit the worm.
You feel better.
You kill the worm!
There is an escape hatch in the floor here.
There is a stone staircase leading down here.
You climb downwards.
The orc hits you with a +0 short sword. The orc barely misses you.
The orc closely misses you.
The orc hits you with a +0 short sword. x2
The orc hits you with a +1 flail of holy wrath!
There is a stone staircase leading up here.
The orc completely misses you.
The orc hits you with a +1 flail of holy wrath.
* * * LOW HITPOINT WARNING * * *
The orc misses you.
You climb upwards.
There is a stone staircase leading down here.
As you read the scroll labelled WOUDEHOECY, it crumbles to dust.
It is a scroll of enchant weapon.
Your +1 vampiric dagger glows red for a moment.
The orc hits you with a +0 short sword.
* * * LOW HITPOINT WARNING * * *
The orc misses you.
Unknown command.
You hit the orc.
You feel better.
The orc is lightly wounded.
You hit the orc.
The orc is heavily wounded.
The orc misses you. The orc hits you with a +0 short sword.
* * * LOW HITPOINT WARNING * * *
Unknown command.
You hit the orc.
The orc is heavily wounded.
The orc hits you with a +0 short sword.
* * * LOW HITPOINT WARNING * * *
The orc hits you with a +0 short sword.
You die...

#....# #.. #....#
#.. #<...# #..
#####....# #..
#...)....#####..
#.###.#......'.. #.#
#.#.#...##..
#####.###...#...##..
#.o@oo..............
#.#####.#####.......
#.#####.#####.......
#.##....##..........
#.##....##..........
#.##....##..........
#.......##..........
####...###......####
#...# ###########


You could see 3 orcs.

Vanquished Creatures
  4 adders
  2 worms (D:2)
  A dart slug (D:1)
  5 endoplasms
  2 giant cockroaches
  6 goblins
  A hobgoblin (D:1)
  3 jackals (D:1)
  3 quokkas (D:1)
  3 ball pythons
  4 bats
  A frilled lizard (D:1)
  6 rats
41 creatures vanquished.

Notes
Turn   | Place    | Note
-------+----------+-------------------------------------------
     0 | D:5      | xian the Spriggan Delver began the quest for the Orb.
     0 | D:5      | Reached XP level 1. HP: 11/11 MP: 2/2
    10 | D:5      | Noticed an orc wizard
    84 | D:5      | Found a hazy altar of Hepliaklqana.
   380 | D:1      | Reached skill level 8 in Stealth
   380 | D:1      | Reached XP level 2. HP: 13/16 MP: 3/3
  1177 | D:2      | Reached XP level 3. HP: 19/19 MP: 4/4
  1880 | D:2      | Reached XP level 4. HP: 23/23 MP: 5/5
  2071 | D:1      | Found a faded altar of an unknown god.
  2699 | D:2      | HP: 1/23 [orc/+0 short sword (3)]
  2699 | D:2      | Slain by an orc

Illustrated notes

Levels and vault maps discovered:
D:1:      minmay_arrival_checkered_box, layout_rooms,
          shapermc_ecumenical_altar_ellora, minmay_pentomino_u2
D:2:      minmay_inner_zag, layout_basic
D:3:      layout_basic, nicolae_tso_swordbearing_angel,
          mainiacjoe_overflow_concentric_impassable, minitemple,
          grunt_ministairs_1, uniq_jessica, uniq_grinder
D:4:      layout_loops_corners, grunt_ministairs_10
D:5:      layout_basic, mainiacjoe_overflow_tiny_flanked,
          minmay_temple_entry_grid, minmay_manual_mess

Skill      XL: |  1  2  3 |
---------------+----------+-----
Stealth        | 8 |  8.4
Dodging        | 3 |  3.2
Short Blades   | 3 |  3.1
Fighting       | |  2.9

Action                   |  1- 3 |  4- 6 || total
-------------------------+-------+-------++-------
Melee: Short sword       |    94 |       ||    94
       Dagger            |    36 |    60 ||    96
       Punch             |     1 |     1 ||     2
Throw: Stone             |    10 |       ||    10
  Use: Scroll            |     1 |     1 ||     2
 Stab: Sleeping          |     8 |     2 ||    10
       Distracted        |     1 |       ||     1
Armor: Robe              |    13 |     2 ||    15
Dodge: Dodged            |   120 |    31 ||   151
